 Dungeon Crawl Stone Soup version 0.29.1-15-g9cfb28693d (webtiles) character file.

Game seed: 4340576713916139420

23 Calibrex the Shield-Bearer (level 2, -8/27 HPs)
             Began as a Minotaur Fighter on Mar 25, 2023.
             Killed by an exploding giant cockroach (35 damage)
             ... ignited by their inner flame
             ... on level 2 of the Dungeon.
             The game lasted 00:01:39 (700 turns).

Calibrex the Shield-Bearer (Minotaur Fighter)        Turns: 700, Time: 00:01:43

Health: -8/27      AC:  7    Str: 20    XL:     2   Next: 72%
Magic:  1/1        EV:  9    Int:  5    God:
Gold:   29         SH:  4    Dex:  9    Spells: 1/1 levels left

rFire   . . .      SeeInvis .   a - +0 war axe
rCold   . . .      Faith    .   c - +0 buckler
rNeg    . . .      Spirit   .   b - +0 scale mail
rPois   .          Reflect  .   (helmet restricted)
rElec   .          Harm     .   (no cloak)
rCorr   .          Rampage  .   (no gloves)
Will    .....                   (no boots)
Stlth   ..........              (no amulet)
HPRegen 0.09/turn               (no ring)
MPRegen 0.07/turn               (no ring)

@: no status effects
A: horns 2, retaliatory headbutt
a: no special abilities


You were on level 2 of the Dungeon.
You visited 1 branch of the dungeon, and saw 2 of its levels.

You collected 29 gold pieces.

Inventory:

Hand Weapons
 a - a +0 war axe (weapon)
Armour
 b - a +0 scale mail (worn)
 c - a +0 buckler (worn)
Potions
 d - a potion of might
 e - a potion of curing {unknown}
 f - 2 potions of resistance
 g - a potion of cancellation {unknown}
 i - a potion of brilliance {unknown}
 k - a potion of lignification {unknown}


   Skills:
 + Level 3.9 Fighting
 * Level 3.2 Axes
 + Level 3.9 Armour
 + Level 3.9 Shields


You had one spell level left.
You didn't know any spells.
Your spell library was empty.

Dungeon Overview and Level Annotations

Branches:
Dungeon (2/15)

Altars:


Innate Abilities, Weirdness & Mutations

You have a pair of horns on your head.
You reflexively headbutt those who attack you in melee.


Message History

There is a stone staircase leading down here.
You open the door.
There is an open door here.
Done exploring.
Done exploring.
No target in view!
No target in view!
No target in view!
Done exploring.
Done exploring.
Done exploring.
Search for what [? for help]?
Okay, then.
Search for what [? for help]? .
There is an open door here.
There is a stone staircase leading down here.
You climb downwards.
Found a scroll labelled YZUOPT YZETA and a robe.
There is a stone staircase leading up here.
Blink to where?
Press: ? - help, Dir - move target
As you read the scroll labelled FYLISU OZXOFF, it crumbles to dust.
It was a scroll of blinking.
h - a scroll labelled YZUOPT YZETA
As you read the scroll labelled YZUOPT YZETA, it crumbles to dust.
It is a scroll of identify.
f - 2 potions of resistance
As you read the scroll labelled PUIR TUIKADGH, it crumbles to dust.
The creatures around you are filled with an inner flame!
It was a scroll of immolation.
No quiver actions available for cycling.
Use [Q] to select from all actions.
Found 6 gold pieces.
You see here 6 gold pieces.
The giant cockroach attacks as you move away!
The giant cockroach barely misses you. You furiously retaliate!
You headbutt the giant cockroach!
The giant cockroach explodes!
The fiery explosion engulfs you!!
Ouch! That really hurt!
You die...

#. ##.#.##.##
#.##......[.###
#.............#
#..#..#.#.....####
#................
##.#..........#
#$#.......<..#
#.####.....#.#
#..ยง@........#
#######.#.##.
#......# ###.## #
.. ..


There were no monsters in sight!

Vanquished Creatures
  2 dart slugs (D:1)
  2 bats (D:1)
  2 endoplasms (D:1)
  3 giant cockroaches
  2 hobgoblins (D:1)
  3 kobolds (D:1)
  A quokka (D:1)
  2 ball pythons (D:1)
  A frilled lizard (D:1)
18 creatures vanquished.

Notes
Turn   | Place    | Note
-------+----------+-------------------------------------------
     0 | D:1      | Calibrex the Minotaur Fighter began the quest for the Orb.
     0 | D:1      | Reached XP level 1. HP: 19/19 MP: 0/0
   165 | D:1      | Reached XP level 2. HP: 27/27 MP: 1/1
   700 | D:2      | Killed by an exploding giant cockroach... ignited by their
                  | inner flame

Illustrated notes

Levels and vault maps discovered:
D:1:      grunt_arrival_lava_bath, layout_basic, kennysheep_nondescript
D:2:      layout_loops_cross, serial_shops, shop, basic_ecumenical_altar,
          basic_altar, dreamdust_wishing_well, hangedman_decor_growths,
          minmay_pentomino_r4

Skill      XL: |  1  2 |
---------------+-------+-----
Axes           | 3 |  3.2
Fighting       | |  3.9
Armour         | |  3.9
Shields        | |  3.9

Action                   || total
-------------------------++-------
Melee: War axe           ||    35
       Headbutt          ||     5
  Use: Scroll            ||     3
Armor: Scale mail        ||    20
Dodge: Dodged            ||    18
Block: Buckler           ||    10
